[Event "Titled Tuesday Blitz August 15 Early 2023"]
[White "Starozhilov, Leonid"]
[Black "Zaichenko, Daria"]
[WhiteFideId "14106752"]
[BlackFideId "4197453"]
[WhiteElo "2673"]
[BlackElo "2245"]
[Result "1-0"]
[Round "9"]
[TimeControl "180+1"]
[Date "2023.08.15"]
[WhiteClock "0:00:25"]
[BlackClock "0:00:43"]
[Board "105"]

1. e4 c5 2. Nc3 Nc6 3. Bb5 g6 4. Bxc6 dxc6 5. d3 Bg7 6. h3 e5 7. Nge2 Ne7 8. f4 exf4 9. Bxf4 f5 10. Qd2 fxe4 11. Bh6 Bxh6 12. Qxh6 Nf5 13. Qf4 exd3 14. O-O-O Qd6 15. Qe4+ Qe6 16. Rxd3 Qxe4 17. Nxe4 O-O 18. Nxc5 b6 19. Ne4 Ba6 20. Rd2 Bxe2 21. Rxe2 Rae8 22. Nf6+ Rxf6 23. Rxe8+ Kg7 24. Rd1 Ng3 25. Re7+ Kh6 26. Rxa7 Rf2 27. Ra6 Nf1 28. Rxb6 Ne3 29. Rxc6 Nxd1 30. Kxd1 Rxg2 31. a4 Kg5 32. Rc3 Kf4 33. a5 Rg5 34. a6 Ra5 35. Ra3 Rd5+ 36. Ke2 Rd8 37. a7 Ra8 38. b4 g5 39. b5 h5 40. b6 g4 41. hxg4 hxg4 42. b7 Re8+ 43. Kf1 g3 44. b8=Q+ 1-0


[Site "https://www.chess.com"]

[Event "Titled Tuesday Blitz August 15 Early 2023"]
[White "Ivanov, Alexey"]
[Black "Todorovic, Bojan"]
[WhiteFideId "4167635"]
[BlackFideId "917087"]
[WhiteElo "2576"]
[BlackElo "2414"]
[Result "1/2-1/2"]
[Round "9"]
[TimeControl "180+1"]
[Date "2023.08.15"]
[WhiteClock "0:01:29"]
[BlackClock "0:00:44"]
[Board "106"]

1. Nf3 g6 2. c4 Bg7 3. Nc3 c5 4. d4 cxd4 5. Nxd4 Nc6 6. Nxc6 bxc6 7. g3 Nf6 8. Bg2 O-O 9. O-O Qc7 10. Qc2 d5 11. Rd1 Bf5 12. Qa4 Ne4 13. Nxe4 Bxe4 14. Bxe4 dxe4 15. Qc2 f5 16. Be3 Rfd8 17. Bc5 Qe5 18. b4 a5 19. Rxd8+ Rxd8 20. Rd1 Rb8 21. a3 axb4 22. axb4 Qc3 23. Qxc3 Bxc3 24. Bxe7 Bxb4 25. Rb1 Bd6 26. Rxb8+ Bxb8 27. f3 Kf7 28. Bc5 exf3 29. exf3 Ke6 30. Kf2 Bd6 31. Bd4 Be5 32. Bc5 Bd6 33. Be3 Bb4 34. Ke2 Kd6 35. Kd3 Bc5 36. Bf4+ Ke6 37. g4 fxg4 38. fxg4 h5 39. gxh5 gxh5 40. h3 Be7 41. Ke4 Bf6 42. Be3 Be7 43. Kf4 Bf6 44. Bc5 Bd8 45. Bd4 Be7 46. Bg7 Bd8 47. Bh6 Be7 48. Bg5 Bd6+ 49. Ke4 Bb4 50. Bd8 Bd6 51. Ba5 Bb8 52. Bc3 Bd6 53. Bd4 Be7 54. Kf4 Bd8 55. Bc3 Be7 56. Bd4 Bd8 57. Bc3 Be7 58. Bd4 1/2-1/2


[Site "https://www.chess.com"]

[Event "Titled Tuesday Blitz August 15 Early 2023"]
[White "Grossboss19"]
[Black "Llanos, Guillermo"]
[BlackFideId "100358"]
[WhiteElo "2530"]
[BlackElo "2414"]
[Result "1-0"]
[Round "9"]
[TimeControl "180+1"]
[Date "2023.08.15"]
[WhiteClock "0:00:19"]
[BlackClock "0:00:00"]
[Board "107"]

1. e4 Nf6 2. e5 Nd5 3. d4 d6 4. c4 Nb6 5. f4 g6 6. Nf3 Bg7 7. Nc3 Be6 8. b3 dxe5 9. fxe5 c5 10. Bf4 O-O 11. d5 Bg4 12. Qe2 f6 13. e6 f5 14. Be5 Bxf3 15. gxf3 Nc8 16. Nb5 Na6 17. Bxg7 Kxg7 18. h4 h5 19. Rg1 Nd6 20. Qe5+ Kh7 21. Nxd6 exd6 22. Qg3 Qf6 23. Rd1 Rad8 24. Be2 f4 25. Qg5 Qxg5 26. Rxg5 Rde8 27. Kd2 Rf6 28. Bd3 Kh6 29. Rdg1 Rg8 30. a3 Nc7 31. Be4 Ne8 32. b4 b6 33. Rb1 Rg7 34. a4 cxb4 35. Rxb4 Rc7 36. Kd3 Rc5 37. Rb1 Rc7 38. Rbg1 Rg7 39. Ra1 a5 40. Rb1 Rb7 41. Kd2 Kg7 42. Rbg1 Kf8 43. Rxg6 Rxg6 44. Rxg6 Rc7 45. Bd3 Ke7 46. Rh6 Nf6 47. Rh8 Ra7 48. Rb8 Ra6 49. Rb7+ Ke8 50. Rf7 Ng8 51. Bg6 Ne7 52. Bxh5 Kd8 53. Rf8+ Kc7 54. Re8 Nf5 55. Bg4 Nd4 56. e7 Nb3+ 57. Kc3 Nc5 58. Rc8+ Kb7 59. e8=Q Nxa4+ 60. Qxa4 1-0


[Site "https://www.chess.com"]

[Event "Titled Tuesday Blitz August 15 Early 2023"]
[White "Shubenkova, Veronika"]
[Black "Avazkhonov, Alikhon"]
[WhiteFideId "44124040"]
[BlackFideId "14208504"]
[WhiteElo "2482"]
[BlackElo "2395"]
[Result "0-1"]
[Round "9"]
[TimeControl "180+1"]
[Date "2023.08.15"]
[WhiteClock "0:00:46"]
[BlackClock "0:00:05"]
[Board "108"]

1. c4 e5 2. Nc3 d6 3. d3 f5 4. e4 Nf6 5. f3 Nc6 6. Be3 Be7 7. Qd2 O-O 8. Nd5 f4 9. Bf2 Nxd5 10. cxd5 Nd4 11. Ne2 c5 12. Nxd4 exd4 13. Be2 g5 14. g3 Kh8 15. gxf4 gxf4 16. O-O-O Bh3 17. Rhg1 Bh4 18. Bf1 Bd7 19. Kb1 Qf6 20. Qe1 Bxf2 21. Qxf2 Rg8 22. Be2 b5 23. Rc1 a5 24. a3 h6 25. Rxg8+ Rxg8 26. Rg1 Rg5 27. Rc1 Qg6 28. Qe1 b4 29. axb4 axb4 30. Bf1 Qe8 31. Qh4 Kg7 32. Qxf4 Qa8 33. Qxd6 b3 34. Qxd7+ Kh8 35. Rxc5 Qa2+ 36. Kc1 Qa1+ 37. Kd2 Qxb2+ 38. Kd1 Qa1+ 39. Rc1 b2 40. Qc8+ Rg8 41. Rxa1 bxa1=Q+ 42. Qc1 Qxc1+ 43. Kxc1 Rg1 44. Kc2 Rxf1 45. Kb3 Rxf3 46. Kc4 Kg7 47. Kxd4 Kf6 48. e5+ Ke7 49. Ke4 Rh3 50. d4 Rxh2 51. d6+ Kd7 52. d5 Re2+ 53. Kf5 h5 0-1


[Site "https://www.chess.com"]

[Event "Titled Tuesday Blitz August 15 Early 2023"]
[White "Gurevich, Dmitry"]
[Black "Slovineanu, Viacheslav"]
[WhiteFideId "2000407"]
[BlackFideId "13900510"]
[WhiteElo "2468"]
[BlackElo "2367"]
[Result "0-1"]
[Round "9"]
[TimeControl "180+1"]
[Date "2023.08.15"]
[WhiteClock "0:01:48"]
[BlackClock "0:01:03"]
[Board "109"]

1. d4 Nf6 2. c4 e6 3. Nc3 d5 4. Nf3 c5 5. cxd5 Nxd5 6. e4 Nxc3 7. bxc3 cxd4 8. cxd4 Bb4+ 9. Bd2 Bxd2+ 10. Qxd2 O-O 11. Bc4 Nd7 12. O-O b6 13. Rfe1 Bb7 14. a4 Rc8 15. Bd3 Qe7 16. a5 Nf6 17. axb6 axb6 18. Rab1 Qd8 19. Qb4 Nd7 20. h3 h6 21. Qd6 Rc6 22. Qf4 Qc7 23. Qh4 Rc3 24. Bb5 Nf6 25. Qf4 Qxf4 0-1


[Site "https://www.chess.com"]

[Event "Titled Tuesday Blitz August 15 Early 2023"]
[White "Liu, Casper"]
[Black "Davidson, Kevin"]
[WhiteFideId "1454153"]
[BlackFideId "2056810"]
[WhiteElo "2460"]
[BlackElo "2355"]
[Result "0-1"]
[Round "9"]
[TimeControl "180+1"]
[Date "2023.08.15"]
[WhiteClock "0:01:34"]
[BlackClock "0:00:03"]
[Board "110"]

1. e4 c5 2. d4 cxd4 3. Qxd4 Nc6 4. Qe3 Nf6 5. Nc3 e6 6. Bd2 d5 7. exd5 Nxd5 8. Nxd5 Qxd5 9. Qb3 Qxb3 10. axb3 Nb4 11. O-O-O Bd7 12. Kb1 Rc8 13. Bc3 Nd5 14. Bd4 Bc5 15. Bxg7 Rg8 16. Bd4 Bxd4 17. Rxd4 Bc6 18. Nf3 f6 19. Rh4 Rg7 20. Nd4 Bd7 21. g3 e5 22. Ne2 Bc6 23. Bh3 Rd8 24. Rd1 a6 25. Bf5 Ne7 26. Rxd8+ Kxd8 27. Bd3 f5 28. Nc3 e4 29. Bc4 b5 30. Be6 Kc7 31. Ne2 Kd6 32. Nd4 Ke5 33. Nxc6+ Nxc6 34. Bc8 a5 35. Bd7 Rxd7 36. Rh6 Nd4 37. c3 Ne2 38. Rb6 Rd5 39. Ra6 Ng1 40. Rxa5 Nf3 41. h4 h5 42. Ra8 f4 43. Rh8 fxg3 44. fxg3 Kd6 45. Rd8+ Kc5 46. Rc8+ Kb6 47. c4 bxc4 48. bxc4 Re5 49. b4 e3 50. Rb8+ Kc7 51. Rh8 e2 52. Rh7+ Kd8 53. Rh6 e1=Q+ 54. Kc2 Qe2+ 55. Kb3 Qe3+ 56. Ka4 Qa7+ 57. Kb3 Re3+ 58. Kc2 Qa2+ 59. Kd1 Qd2# 0-1


[Site "https://www.chess.com"]

[Event "Titled Tuesday Blitz August 15 Early 2023"]
[White "Spichkin, Alexander"]
[Black "Okike, David"]
[WhiteFideId "4144074"]
[BlackFideId "8500134"]
[WhiteElo "2460"]
[BlackElo "2351"]
[Result "1-0"]
[Round "9"]
[TimeControl "180+1"]
[Date "2023.08.15"]
[WhiteClock "0:00:21"]
[BlackClock "0:00:47"]
[Board "111"]

1. f4 d5 2. Nf3 c5 3. e3 a6 4. b3 Nc6 5. Bb2 d4 6. Bd3 Nf6 7. O-O Bg4 8. h3 Bxf3 9. Qxf3 e6 10. a4 Be7 11. Na3 Qd5 12. e4 Qd8 13. Nc4 O-O 14. a5 Rc8 15. Nb6 Rc7 16. e5 Nd5 17. Be4 Nxb6 18. axb6 Rc8 19. c3 Qxb6 20. cxd4 cxd4 21. Rae1 g6 22. Kh2 Na5 23. g4 Qxb3 24. Bxd4 Qxf3 25. Rxf3 Nc4 26. Bc3 b5 27. Bb7 Rcd8 28. Bxa6 Nxd2 29. Bxd2 Rxd2+ 30. Kg3 b4 31. f5 Ra8 32. Bc4 Rc8 33. Ba6 Rcc2 34. Re4 Rg2+ 35. Kf4 g5+ 36. Ke3 Bc5+ 37. Rd4 Rge2+ 38. Bxe2 Bxd4+ 39. Kxd4 Rxe2 40. f6 Rb2 41. Kc5 h6 42. Kd6 Kh7 43. Ke7 Kg6 44. Rd3 Re2 45. Rd8 Rxe5 46. Rg8+ Kh7 47. Kxf7 Rb5 48. Rg7+ Kh8 49. Kg6 Rb8 50. f7 e5 51. Rh7# 1-0


[Site "https://www.chess.com"]

[Event "Titled Tuesday Blitz August 15 Early 2023"]
[White "Womacka, Mathias"]
[Black "Kiselev, Pavel"]
[WhiteFideId "4611390"]
[BlackFideId "4191102"]
[WhiteElo "2454"]
[BlackElo "2332"]
[Result "1-0"]
[Round "9"]
[TimeControl "180+1"]
[Date "2023.08.15"]
[WhiteClock "0:00:21"]
[BlackClock "0:00:25"]
[Board "112"]

1. e4 c5 2. Nf3 Nc6 3. d4 cxd4 4. Nxd4 g6 5. c4 Bg7 6. Be3 d6 7. Nc3 Nf6 8. Be2 O-O 9. O-O Bd7 10. Qd2 Re8 11. f3 a6 12. Rac1 Qa5 13. Rfd1 Nxd4 14. Bxd4 b5 15. cxb5 axb5 16. Bxf6 Bxf6 17. Nd5 Qxd2 18. Nxf6+ exf6 19. Rxd2 Rxa2 20. Rxd6 Be6 21. Rc2 b4 22. Kf2 b3 23. Rcd2 Rc8 24. Rd8+ Rxd8 25. Rxd8+ Kg7 26. Rd2 f5 27. Ke3 fxe4 28. fxe4 Ra4 29. Bd1 Ra1 30. Kd3 Ra4 31. Bf3 Ra6 32. Kc3 Rc6+ 33. Kb4 Rc2 34. Re2 Bc4 35. Re3 Be6 36. Re2 Rc4+ 37. Kxb3 Rxe4+ 38. Kc3 Rc4+ 39. Kd3 Rc1 40. Rd2 Bc4+ 41. Kd4 Bb3 42. Bd5 Ba4 43. b4 f5 44. Bc4 Bc6 45. b5 Be4 46. Bd5 Rb1 47. Kc5 Rc1+ 48. Kd6 Rb1 49. Bc6 Kf6 50. Kc7 Ke5 51. g3 Rb4 52. b6 Rc4 53. Rd6 g5 54. b7 Rb4 55. Bxe4 fxe4 56. Rb6 Rc4+ 57. Kd7 Rd4+ 58. Ke7 Rd8 59. Kxd8 1-0


[Site "https://www.chess.com"]

[Event "Titled Tuesday Blitz August 15 Early 2023"]
[White "Dong Khanh Linh"]
[Black "Afanasieva, Alexandra"]
[WhiteFideId "12403040"]
[BlackFideId "34126926"]
[WhiteElo "2452"]
[BlackElo "2331"]
[Result "1-0"]
[Round "9"]
[TimeControl "180+1"]
[Date "2023.08.15"]
[WhiteClock "0:00:19"]
[BlackClock "0:00:01"]
[Board "113"]

1. d4 d5 2. Nf3 Nf6 3. e3 Bf5 4. c4 e6 5. Qb3 b6 6. cxd5 exd5 7. Ne5 c6 8. Bd2 Bd6 9. Bb4 O-O 10. Bxd6 Qxd6 11. Nc3 Nbd7 12. Nxd7 Nxd7 13. Be2 Nf6 14. O-O Rfe8 15. Rac1 Rad8 16. h3 h5 17. Bf3 g5 18. Be2 Qe6 19. Qd1 Bxh3 20. gxh3 Qxh3 21. Bf3 Ng4 22. Bxg4 hxg4 23. Ne2 Kg7 24. Ng3 Rh8 25. Re1 Rh4 26. Nf5+ Kg6 27. Nxh4+ Qxh4 28. Qd3+ f5 29. Rxc6+ Kg7 30. Qxf5 1-0


[Site "https://www.chess.com"]

[Event "Titled Tuesday Blitz August 15 Early 2023"]
[White "slidingknight2775"]
[Black "Goswami, Vedant"]
[BlackFideId "5003725"]
[WhiteElo "2449"]
[BlackElo "2326"]
[Result "1-0"]
[Round "9"]
[TimeControl "180+1"]
[Date "2023.08.15"]
[WhiteClock "0:00:10"]
[BlackClock "0:00:23"]
[Board "114"]

1. d4 Nf6 2. Nf3 e6 3. c4 Bb4+ 4. Nc3 Bxc3+ 5. bxc3 d6 6. Nd2 b6 7. e4 Qe7 8. Bd3 e5 9. O-O Nc6 10. d5 Na5 11. f4 exf4 12. Nf3 Nd7 13. Bxf4 O-O 14. Nd4 Ne5 15. Nf5 Bxf5 16. exf5 Rfe8 17. Qd2 Nxd3 18. Qxd3 Qe4 19. Qh3 Nxc4 20. f6 Qg6 21. fxg7 Re2 22. Rf3 Rae8 23. Raf1 Ne5 24. Bxe5 R2xe5 25. Rg3 Qh5 26. Qd7 R5e7 27. Qb5 Re1 28. Rxe1 Rxe1+ 29. Kf2 Qe5 30. Qd3 Ra1 31. Qxh7+ Kxh7 32. g8=Q+ Kh6 33. Rh3+ Qh5 34. Rxh5+ Kxh5 35. Qxf7+ Kh6 36. Qf6+ 1-0


[Site "https://www.chess.com"]

[Event "Titled Tuesday Blitz August 15 Early 2023"]
[White "Huynh, Lam Binh Nguyen"]
[Black "Sanhueza, Cristian"]
[WhiteFideId "12401633"]
[BlackFideId "116815"]
[WhiteElo "2312"]
[BlackElo "2425"]
[Result "0-1"]
[Round "9"]
[TimeControl "180+1"]
[Date "2023.08.15"]
[WhiteClock "0:00:00"]
[BlackClock "0:00:05"]
[Board "115"]

1. d4 Nf6 2. Bf4 c5 3. e3 Qb6 4. b3 d5 5. Nf3 Nc6 6. dxc5 Qxc5 7. Nbd2 Bf5 8. Bd3 Bxd3 9. cxd3 Nb4 10. O-O Nxd3 11. Ne5 Nxf4 12. exf4 e6 13. b4 Qxb4 14. Rb1 Qxf4 15. Ndc4 Be7 16. Qa4+ Kf8 17. g3 Qf5 18. Rxb7 dxc4 19. Nc6 Nd5 20. Nxe7 Nxe7 21. Qb4 Re8 22. Rd1 g5 23. Rdd7 Qf6 24. Rxa7 h5 25. Qd2 h4 26. g4 h3 0-1


[Site "https://www.chess.com"]

[Event "Titled Tuesday Blitz August 15 Early 2023"]
[White "Begunov, Konstantin"]
[Black "Konenkin, Dmitry"]
[WhiteFideId "4118510"]
[BlackFideId "4185781"]
[WhiteElo "2424"]
[BlackElo "2306"]
[Result "0-1"]
[Round "9"]
[TimeControl "180+1"]
[Date "2023.08.15"]
[WhiteClock "0:00:02"]
[BlackClock "0:00:02"]
[Board "116"]

1. d4 d6 2. e4 Nf6 3. f3 e5 4. Ne2 Be7 5. Be3 O-O 6. c4 c6 7. Nbc3 a6 8. Qd2 b5 9. Ng3 Nbd7 10. Nf5 Nb6 11. Nxe7+ Qxe7 12. b3 Nfd7 13. Be2 Bb7 14. O-O Rad8 15. d5 bxc4 16. dxc6 Bxc6 17. bxc4 Nc5 18. Rab1 Nba4 19. Nd5 Bxd5 20. cxd5 Rb8 21. Qc2 Qc7 22. Bxa6 Rxb1 23. Rxb1 Nxa6 24. Qxa4 Qc3 25. Qb3 Qc7 26. Qb6 Qc2 27. Qb3 Qe2 28. Ba7 h5 29. Qb5 Qc2 30. h4 Rc8 31. Kh2 Qxa2 32. Qb7 Rc2 33. Rg1 Qb2 34. Qxa6 Qc3 35. Qf1 Qd2 36. Bb6 Qf4+ 37. Kh3 g5 38. Qe1 g4+ 39. fxg4 hxg4# 0-1


[Site "https://www.chess.com"]

[Event "Titled Tuesday Blitz August 15 Early 2023"]
[White "Harriott, Tyrell"]
[Black "crazy_m_attack"]
[WhiteFideId "2086484"]
[WhiteElo "2422"]
[BlackElo "2300"]
[Result "0-1"]
[Round "9"]
[TimeControl "180+1"]
[Date "2023.08.15"]
[WhiteClock "0:00:26"]
[BlackClock "0:00:22"]
[Board "117"]

1. d4 Nf6 2. e3 d5 3. Bd3 c5 4. c3 Nc6 5. f4 Bg4 6. Ne2 e6 7. Nd2 Bd6 8. O-O O-O 9. Nf3 Bf5 10. Ng3 Ne7 11. b3 Rc8 12. Ne5 cxd4 13. cxd4 Ne4 14. Nxf5 exf5 15. Bxe4 dxe4 16. Nc4 Nd5 17. a4 Bb4 18. Bb2 a6 19. Qh5 g6 20. Qh3 b5 21. axb5 axb5 22. Ne5 Bd2 23. Bc1 Rxc1 24. Raxc1 Bxe3+ 25. Kh1 Bxc1 26. Rxc1 Nxf4 27. Qe3 Nd5 28. Qh6 e3 29. h3 Qa8 30. Rc6 Rc8 31. Rd6 Qa1+ 32. Kh2 Qxd4 33. Nxf7 e2 34. Rxg6+ hxg6 35. Qxg6+ Kf8 36. Qe6 Qf4+ 0-1


[Site "https://www.chess.com"]

[Event "Titled Tuesday Blitz August 15 Early 2023"]
[White "Gheorghiu, Calin"]
[Black "Nugumanov, Bakhtiyar"]
[WhiteFideId "1200305"]
[BlackFideId "13701797"]
[WhiteElo "2418"]
[BlackElo "2115"]
[Result "1-0"]
[Round "9"]
[TimeControl "180+1"]
[Date "2023.08.15"]
[WhiteClock "0:00:04"]
[BlackClock "0:00:00"]
[Board "118"]

1. d4 d5 2. c4 e6 3. Nc3 Nf6 4. cxd5 exd5 5. Bg5 Bb4 6. e3 h6 7. Bf4 O-O 8. Bd3 c6 9. h3 Re8 10. Ne2 Nbd7 11. O-O Nf8 12. Qc2 Ne6 13. Be5 Nd7 14. Bh2 Ndf8 15. f4 Bd6 16. a3 a5 17. Rab1 Qe7 18. Ng3 g6 19. f5 Ng7 20. f6 Qxe3+ 21. Kh1 Bxg3 22. fxg7 Kxg7 23. Rf3 Qxd4 24. Bxg3 Ne6 25. Rbf1 Ng5 26. Rf4 Qe3 27. Bh2 Re7 28. R4f2 Bd7 29. Bf4 Qc5 30. Bxg5 hxg5 31. Qd2 Rh8 32. Qxg5 Qd6 33. Rf3 Be6 34. Qf6+ Kg8 35. Bxg6 1-0


[Site "https://www.chess.com"]

[Event "Titled Tuesday Blitz August 15 Early 2023"]
[White "Bilan, Danila"]
[Black "Wang, Alexander J"]
[WhiteFideId "24161918"]
[BlackFideId "30955270"]
[WhiteElo "2565"]
[BlackElo "2299"]
[Result "1-0"]
[Round "9"]
[TimeControl "180+1"]
[Date "2023.08.15"]
[WhiteClock "0:00:09"]
[BlackClock "0:00:01"]
[Board "119"]

1. d4 Nf6 2. Nf3 d6 3. g3 g6 4. Bg2 Bg7 5. O-O O-O 6. c4 c5 7. Nc3 a6 8. b3 Bg4 9. Bb2 Bxf3 10. Bxf3 Qc7 11. Rc1 Nc6 12. dxc5 dxc5 13. Nd5 Nxd5 14. Bxg7 Kxg7 15. cxd5 Ne5 16. Bg2 Rac8 17. e4 Nd7 18. f4 Qb6 19. Kh1 Rfd8 20. Qd2 Kg8 21. e5 e6 22. d6 Nb8 23. Rc2 Nc6 24. Rfc1 Nd4 25. Rc4 Qa7 26. h4 b5 27. R4c3 Nf5 28. Kh2 h5 29. Qf2 Kg7 30. Rxc5 Qb6 31. Qc2 Ne3 32. Qc3 Rxc5 33. Qxc5 Qxc5 34. Rxc5 Nxg2 35. Kxg2 Rb8 36. Kf3 Kf8 37. b4 Ke8 38. Rc7 Ra8 39. Rb7 a5 40. a3 axb4 41. axb4 Ra3+ 42. Kg2 Ra2+ 43. Kh3 Rb2 44. Rxb5 Kd7 45. Rb7+ Kc6 46. Rc7+ Kb6 47. Rxf7 Rxb4 48. Rf6 Kc6 49. Rxe6 Rb1 50. Rxg6 1-0


[Site "https://www.chess.com"]

[Event "Titled Tuesday Blitz August 15 Early 2023"]
[White "Al-Tarboush, Ward"]
[Black "UgarteCesar"]
[WhiteFideId "7601450"]
[WhiteElo "2519"]
[BlackElo "2334"]
[Result "1-0"]
[Round "9"]
[TimeControl "180+1"]
[Date "2023.08.15"]
[WhiteClock "0:00:48"]
[BlackClock "0:00:00"]
[Board "120"]

1. e4 c5 2. Nf3 Nc6 3. d4 cxd4 4. Nxd4 Qb6 5. Nb3 Nf6 6. Nc3 e6 7. Be2 a6 8. O-O Qc7 9. f4 d6 10. Be3 b5 11. Bf3 Bb7 12. a3 Be7 13. Qe2 O-O 14. Rad1 Rfe8 15. g4 Rac8 16. g5 Nd7 17. h4 b4 18. axb4 Nxb4 19. h5 Nb6 20. Bg4 Nc4 21. Bc1 Qb6+ 22. Kh2 d5 23. g6 dxe4 24. gxf7+ Kxf7 25. Nxe4 Bf6 26. Ng5+ Bxg5 27. fxg5+ Kg8 28. g6 hxg6 29. hxg6 e5 30. Be6+ Rxe6 31. Nc5 Qxc5 32. Qh5 Rxg6 33. Qxg6 Nd6 34. Qxd6 Qxc2+ 35. Rd2 Qh7+ 36. Kg3 Qe4 37. Qe6+ 1-0


[Site "https://www.chess.com"]

[Event "Titled Tuesday Blitz August 15 Early 2023"]
[White "Santos Flores, Alberto"]
[Black "Skaric, Djuro"]
[WhiteFideId "3601234"]
[BlackFideId "934569"]
[WhiteElo "2517"]
[BlackElo "2331"]
[Result "1-0"]
[Round "9"]
[TimeControl "180+1"]
[Date "2023.08.15"]
[WhiteClock "0:01:56"]
[BlackClock "0:02:11"]
[Board "121"]

1. e4 d6 2. d4 g6 3. Nc3 Bg7 4. Be3 Nf6 5. Qd2 h5 6. Nf3 Nc6 7. h3 a6 8. Bd3 b5 9. O-O-O e5 10. dxe5 dxe5 11. Kb1 O-O 12. Bh6 b4 13. Ne2 Be6 14. g4 a5 15. Ng3 hxg4 16. hxg4 Bxg4 17. Bxg7 Bxf3 18. Qh6 1-0


[Site "https://www.chess.com"]

[Event "Titled Tuesday Blitz August 15 Early 2023"]
[White "Bogaudinov, Rushan"]
[Black "Arutla, Aditya"]
[WhiteFideId "4129288"]
[BlackFideId "30961998"]
[WhiteElo "2331"]
[BlackElo "2499"]
[Result "1-0"]
[Round "9"]
[TimeControl "180+1"]
[Date "2023.08.15"]
[WhiteClock "0:00:14"]
[BlackClock "0:00:00"]
[Board "122"]

1. a3 e5 2. e3 Nf6 3. b4 d5 4. Bb2 Nbd7 5. Nf3 Bd6 6. c4 c6 7. Nc3 O-O 8. d3 a5 9. Qb3 axb4 10. axb4 Rxa1+ 11. Bxa1 Qb6 12. b5 Nc5 13. Qb2 dxc4 14. dxc4 Bf5 15. bxc6 Qxc6 16. Nb5 Re8 17. Nxd6 Qxd6 18. Be2 Nd3+ 19. Bxd3 Qxd3 20. Nxe5 Rxe5 21. Qxe5 Qb1+ 22. Ke2 Qc2+ 23. Kf3 Be4+ 24. Kg3 h5 25. Qb8+ Kh7 26. Bxf6 Qe2 27. Qf4 Bg6 28. Bd4 Qxc4 29. h3 b5 30. Qe5 f6 31. Qc5 Qe2 32. Qc3 h4+ 33. Kh2 Qxf2 34. Qe1 1-0


[Site "https://www.chess.com"]

[Event "Titled Tuesday Blitz August 15 Early 2023"]
[White "Baches Garcia, Guillermo"]
[Black "Pumpkin_in_moonlight"]
[WhiteFideId "2209764"]
[WhiteElo "2469"]
[BlackElo "2325"]
[Result "1-0"]
[Round "9"]
[TimeControl "180+1"]
[Date "2023.08.15"]
[WhiteClock "0:00:33"]
[BlackClock "0:00:03"]
[Board "123"]

1. e4 e5 2. Nf3 Nc6 3. Nc3 Nf6 4. d4 exd4 5. Nxd4 Bb4 6. Nxc6 bxc6 7. Bd3 d5 8. Bd2 O-O 9. O-O Bd6 10. h3 d4 11. Ne2 c5 12. b3 Bb7 13. f3 Re8 14. Nf4 Be5 15. Qc1 Bc6 16. Ne2 Bd6 17. Bf4 Nh5 18. Bxd6 cxd6 19. Qd2 h6 20. Rae1 Qh4 21. Kh2 Rad8 22. a4 Qg5 23. f4 Qh4 24. g3 Qe7 25. Ng1 Nf6 26. e5 dxe5 27. Rxe5 Qd6 28. Rfe1 Nd5 29. Rxe8+ Rxe8 30. Rxe8+ Bxe8 31. Qa5 Qc7 32. Qxc7 Nxc7 33. Nf3 Bc6 34. Ne5 Bd5 35. Nd7 Ne6 36. f5 Ng5 37. Nxc5 Nf3+ 38. Kg2 Ne1+ 39. Kf2 Nxd3+ 40. Nxd3 Be4 41. g4 g5 42. Ke2 Kf8 43. Kd2 Ke7 44. Nf2 Bg2 45. Kd3 Kd6 46. Kxd4 f6 47. c4 Bf1 48. b4 Kc6 49. b5+ Kd6 50. c5+ Kc7 51. Kd5 Kd7 52. c6+ Kc7 53. Ke6 Bc4+ 54. Kxf6 Bb3 55. Kg7 Bxa4 56. f6 Bb3 57. f7 Bxf7 58. Kxf7 a6 59. bxa6 Kxc6 60. Kg7 1-0


[Site "https://www.chess.com"]

[Event "Titled Tuesday Blitz August 15 Early 2023"]
[White "Yashmetov, Mikhail"]
[Black "Samaganova, Aleksandra"]
[WhiteFideId "24198900"]
[BlackFideId "13800221"]
[WhiteElo "2468"]
[BlackElo "2316"]
[Result "0-1"]
[Round "9"]
[TimeControl "180+1"]
[Date "2023.08.15"]
[WhiteClock "0:00:05"]
[BlackClock "0:00:05"]
[Board "124"]

1. d4 Nf6 2. c4 e6 3. g3 d5 4. Bg2 Be7 5. Nf3 O-O 6. O-O c5 7. cxd5 exd5 8. Nc3 Nc6 9. Bg5 Be6 10. Bxf6 Bxf6 11. dxc5 Bxc3 12. bxc3 Qa5 13. Ng5 Qxc5 14. Qb1 g6 15. Qxb7 Rab8 16. Qc7 Rfc8 17. Nxe6 fxe6 18. Qd7 Qe7 19. Qxe7 Nxe7 20. Rab1 Rxb1 21. Rxb1 Rxc3 22. Rb7 Kf7 23. Rxa7 Rc1+ 24. Bf1 Kf6 25. Kg2 d4 26. a4 Ra1 27. a5 h5 28. h4 Nc6 29. Ra6 Nxa5 30. f4 Nb3 31. Rxa1 Nxa1 32. Kf2 Nc2 33. Bg2 Ne3 34. Be4 Nc4 35. Bd3 Nd6 36. Kf3 Kf7 37. Bb1 Kf6 38. Bc2 Kf7 39. Bd3 Kf6 40. Kf2 Kf7 41. Ke1 Kf6 42. Kd2 Nf5 43. Bxf5 Kxf5 44. Kd3 Kg4 45. Kxd4 Kxg3 46. Ke5 Kxh4 47. Kxe6 Kg4 48. Ke5 h4 49. e3 h3 50. e4 h2 51. f5 gxf5 52. exf5 h1=Q 53. f6 Qh8 54. Ke6 Qf8 0-1


[Site "https://www.chess.com"]

[Event "Titled Tuesday Blitz August 15 Early 2023"]
[White "Preobrazhenska_D2011"]
[Black "LeoLV10"]
[WhiteElo "2304"]
[BlackElo "2467"]
[Result "0-1"]
[Round "9"]
[TimeControl "180+1"]
[Date "2023.08.15"]
[WhiteClock "0:00:06"]
[BlackClock "0:00:09"]
[Board "125"]

1. e4 c5 2. Nf3 e6 3. g3 b6 4. Bg2 Bb7 5. d3 Nc6 6. O-O g6 7. c3 Bg7 8. d4 cxd4 9. cxd4 Nge7 10. d5 Ne5 11. Nxe5 Bxe5 12. f4 Bg7 13. d6 Nc6 14. e5 O-O 15. Nc3 f6 16. exf6 Qxf6 17. Be3 Rac8 18. Qd2 Rfe8 19. Rae1 Ba8 20. Rf2 Qf5 21. Ne4 Na5 22. Bd4 Nc4 23. Qd3 Bxd4 24. Qxd4 Bxe4 25. Rxe4 Qc5 26. Qxc5 Rxc5 27. b4 Rcc8 28. Rd4 Ne3 29. Rfd2 Rc1+ 30. Kf2 Nc4 31. Re2 Rc3 32. Bb7 Rb8 33. Bg2 a5 34. b5 Na3 35. Rb2 Rc5 36. Bf1 Nc2 37. Rd2 Nb4 38. a3 Nd5 39. Bg2 Nf6 40. h3 Rbc8 41. g4 Rc3 42. a4 R8c4 43. g5 Nh5 44. Bf3 Rxf4 45. Kg2 Rcxf3 46. Rbc2 Rg3+ 47. Kh2 Rgf3 48. Rc8+ Rf8 49. Rc7 R3f7 50. Rdc2 Nf4 51. Rc8 Nd5 52. R8c4 Rf2+ 53. Rxf2 Rxf2+ 54. Kg3 Rg2+ 55. Kf3 Rd2 56. Rc8+ Kf7 57. Rh8 Kg7 58. Rd8 Nb4 59. Rxd7+ Kf8 60. Rd8+ Kf7 61. d7 Ke7 62. Rh8 Rxd7 63. Rxh7+ Kd6 64. Rh6 Ke5 65. Rxg6 Rf7+ 66. Ke2 Nd5 67. Rg8 Nf4+ 68. Ke3 Nxh3 69. g6 Re7 70. g7 Ng5 71. Rb8 Rxg7 72. Rxb6 Kd5 73. Ra6 Ne4 74. Rxa5 Nc5 75. Ra8 Rg3+ 76. Kf4 Ra3 77. a5 e5+ 78. Kf5 e4 79. Rd8+ Kc4 80. b6 Rxa5 81. Kg4 Rb5 82. Rb8 Nd7 83. Rc8+ Kd5 84. Rc7 Kd6 85. Rc8 Rxb6 86. Re8 Nc5 87. Kf4 Kd5 88. Rd8+ Kc4 89. Rc8 Rf6+ 90. Ke3 Rf3+ 91. Ke2 Ra3 92. Rc7 Kd4 93. Rc8 Ra2+ 94. Kd1 Nd3 95. Rd8+ Ke3 96. Re8 Rd2# 0-1


[Site "https://www.chess.com"]

[Event "Titled Tuesday Blitz August 15 Early 2023"]
[White "Ljukin, Sergei"]
[Black "Muhammad Shahzeb"]
[WhiteFideId "14102200"]
[BlackFideId "7804806"]
[WhiteElo "2444"]
[BlackElo "2304"]
[Result "1-0"]
[Round "9"]
[TimeControl "180+1"]
[Date "2023.08.15"]
[WhiteClock "0:00:16"]
[BlackClock "0:00:00"]
[Board "126"]

1. e4 d5 2. exd5 Nf6 3. d4 Nxd5 4. c4 Nb6 5. Nf3 g6 6. Nc3 Bg7 7. c5 Nd5 8. Bc4 c6 9. O-O O-O 10. Re1 Be6 11. Qe2 Nxc3 12. bxc3 Bxc4 13. Qxc4 b5 14. cxb6 axb6 15. a4 b5 16. Qb3 Nd7 17. Bf4 bxa4 18. Rxa4 e6 19. Rc4 Qc8 20. h3 h6 21. Rb1 Ra5 22. Qb7 Qxb7 23. Rxb7 Nf6 24. Rxc6 Nd5 25. Bd6 Rd8 26. c4 Nc3 27. c5 Ne2+ 28. Kh2 Nxd4 29. Rcc7 Nxf3+ 30. gxf3 1-0


[Site "https://www.chess.com"]